 Dungeon Crawl Stone Soup version 0.30-a0-325-gb515db48ae (webtiles) character file.

Game seed: 8100338257074154193

167831 MrRokkomies the Warrior (level 17, -14/166 HPs)
             Began as an Armataur Gladiator on Oct 28, 2022.
             Was an Initiate of Gozag.
             Demolished by a very large slime creature (35 damage)
             ... on level 4 of the Swamp.
             The game lasted 01:00:31 (26111 turns).

MrRokkomies the Warrior (Armataur Gladiator)       Turns: 26111, Time: 01:00:32

Health: -14/166    AC: 36    Str: 32    XL:     17   Next: 32%
Magic:  17/17      EV: 10    Int:  9    God:    Gozag
Gold:   794        SH:  0    Dex: 11    Spells: 16/16 levels left

rFire   + . .      SeeInvis .    T - +5 quarterstaff "Denlug" {pain, Fragile Will+++ Str+6}
rCold   + + +      Faith    .    (shield currently unavailable)
rNeg    + . .      Spirit   .    X - +6 ice dragon scales of the Fiddle {rElec rPois rF- rC++ Dex-5}
rPois   +          Reflect  .    C - +1 helmet
rElec   +          Harm     .    m - scarf {rC+ rF+}
rCorr   .          Roll     +    v - +2 pair of gloves {Str+3}
Will    +++++                    b - +4 barding {rF+}
Stlth   ..........               K - amulet of regeneration
HPRegen 1.27/turn                p - ring of Reanys {Fly rPois rN+}
MPRegen 0.15/turn                E - ring of willpower

@: about to teleport, flying
A: large, rugged brown scales 3, deformed body, armoured tail, roll, long
tongue, awkward tongue
a: Renounce Religion, Potion Petition, Call Merchant, Bribe Branch


You were on level 4 of the Swamp.
You worshipped Gozag.
Gozag was pleased with you.
You visited 5 branches of the dungeon, and saw 27 of its levels.

You collected 9082 gold pieces.
You spent 4369 gold pieces at shops.
You paid 3919 gold pieces to Gozag.

Inventory:

Hand Weapons
 a - a +1 spectral quarterstaff
 T - the +5 quarterstaff "Denlug" (weapon) {pain, Fragile Will+++ Str+6}
   (You bought it in a shop on level 2 of the Swamp)

   In the hands of one skilled in necromantic magic, it inflicts extra damage on
   living creatures.
   Str:       It affects your strength (+6).
   Fragile:   It will be destroyed if unequipped.
   Will:      It greatly increases your willpower.
Missiles
 d - 3 throwing nets
 e - a javelin
 k - 44 poisoned darts
 u - 8 curare-tipped darts
 w - 4 boomerangs (quivered)
 V - 4 silver javelins
Armour
 b - a +4 barding of fire resistance (worn)
 m - a scarf of resistance (worn)
 v - a +2 pair of gloves of strength (worn)
 C - a +1 helmet (worn)
 X - the +6 ice dragon scales of the Fiddle (worn) {rElec rPois rF- rC++ Dex-5}
   (You bought it in a shop on level 4 of the Dungeon)

   Dex:       It affects your dexterity (-5).
   rF:        It makes you vulnerable to fire.
   rC:        It greatly protects you from cold.
   rElec:     It insulates you from electricity.
   rPois:     It protects you from poison.
Jewellery
 l - the ring "Riblar" {Int+3 SInv Stlth+}
   (You bought it in a shop on level 12 of the Dungeon)

   [ring of see invisible]

   Int:       It affects your intelligence (+3).
   SInv:      It lets you see invisible.
   Stlth:     It makes you more stealthy.
 p - the ring of Reanys (left hand) {Fly rPois rN+}
   (You bought it in a shop on level 12 of the Dungeon)

   [ring of flight]

   rPois:     It protects you from poison.
   rN:        It protects you from negative energy.
   Fly:       It grants you flight.
 E - a ring of willpower (right hand)
 J - a ring of flight
 K - an amulet of regeneration (around neck)
 O - a +6 ring of intelligence
Wands
 c - a wand of light (22)
 H - a wand of iceblast (27)
 M - a wand of flame (24)
 R - a wand of paralysis (26)
 S - a wand of mindburst (6)
 Y - a wand of polymorph (7)
Scrolls
 h - 4 scrolls of butterflies
 j - 10 scrolls of teleportation
 s - 3 scrolls of magic mapping
 z - 3 scrolls of amnesia
 G - 4 scrolls of poison
 I - 2 scrolls of brand weapon
 N - a scroll of immolation
 P - 2 scrolls of enchant weapon
 Q - 9 scrolls of identify
 W - a scroll of enchant armour
Potions
 f - 2 potions of cancellation
 g - 11 potions of ambrosia
 i - 3 potions of resistance
 n - 7 potions of attraction
 o - 11 potions of curing
 q - 3 potions of magic
 r - 5 potions of mutation
 t - 5 potions of brilliance
 x - 2 potions of lignification
 A - 2 potions of flight
 D - a potion of invisibility
 L - 3 potions of haste {unknown}
 U - a potion of might
Miscellaneous
 y - a condenser vane
 B - a phantom mirror
 F - a box of beasts


   Skills:
 - Level 15.1 Fighting
 - Level 14.0 Staves
 * Level 10.9 Throwing
 - Level 14.0 Armour
 * Level 11.1 Dodging
 + Level 10.7 Evocations


You had 16 spell levels left.
You didn't know any spells.
Your spell library contained the following spells:

 Spells                   Type           Power      Damage    Failure   Level
 Magic Dart               Conj           0%         1d3       58%         1
 Call Imp                 Summ           0%         N/A       75%         2
 Cigotuvi's Dreadful Rot  Necr/Pois/Air  0%         N/A       75%         2
 Scorch                   Fire           0%         2d5       75%         2
 Sublimation of Blood     Necr           0%         N/A       75%         2
 Wereblood                Tmut           0%         N/A       75%         2
 Inner Flame              Hex/Fire       0%         N/A       92%         3
 Mephitic Cloud           Conj/Pois/Air  0%         N/A       92%         3
 Ozocubu's Armour         Ice            0%         N/A       92%         3
 Cause Fear               Hex            0%         N/A       100%        4
 Manifold Assault         Tloc           0%         N/A       100%        4
 Petrify                  Tmut/Erth      0%         N/A       100%        4
 Metabolic Englaciation   Hex/Ice        0%         N/A       100%        5
 Dispersal                Tloc           0%         N/A       100%        6
 Statue Form              Tmut/Erth      0%         N/A       100%        6
 Summon Hydra             Summ           0%         N/A       100%        7
 Discord                  Hex            0%         N/A       100%        8
 Disjunction              Tloc           0%         N/A       100%        8
 Simulacrum               Ice/Necr       Unusable   N/A       N/A         6

Dungeon Overview and Level Annotations

Branches:
Dungeon (15/15)            Temple (1/1) D:7            Lair (5/5) D:8
  Swamp (4/4) Lair:3       Spider (0/4) Lair:3        Slime (0/5) Lair:5
    Orc (2/2) D:12            Elf (0/3) Orc:2        Vaults (0/5) D:14
 Depths (0/4) D:15

Altars:
Ashenzari
Cheibriados
Dithmenos
Elyvilon
Fedhas
Gozag
Hepliaklqana
Kikubaaqudgha
Makhleb
Nemelex Xobeh
Okawaru
Qazlal
Ru
Sif Muna
Trog
Uskayaw
Vehumet
Wu Jian
Xom
Yredelemnul
Zin
The Shining One
Jiyva

Shops:
D:4 [[   D:12 =*   D:13 (   D:15 *   Orc:2 *(**   Swamp:2 (

Annotations:
D:10 1 runed translucent door
D:15 exclusion: ice statue
Lair:4 3 runed translucent doors, Cyrchepe's ghost, journeyman FeSu
Swamp:3 2 transporters, Cuunut's ghost, adept DjIE


Innate Abilities, Weirdness & Mutations

You are completely covered in rugged brown scales. (AC +3, +7% HP)
Armour fits poorly on your strangely shaped body.
You have a long armoured tail.
You roll when moving toward enemies. (Rampage)
Your long tongue fully drains potion bottles. (2x potion effects)
Your tongue gives you trouble enunciating. (1.5x scroll delay)


Message History

You feel sick.
You are no longer poisoned.
The slime creature is no longer distracted by gold.
The slime creature is distracted by your dazzling golden aura.
Unknown command.
The slime creature quivers.
You bludgeon the very large slime creature!!
The very large slime creature is heavily wounded.
The slime creature is no longer distracted by gold. x3
Two slime creatures merge to form a large slime creature.
The very large slime creature hits you!!!
The slime creature is engulfed in a cloud of scalding steam.
The slime creature is distracted by your dazzling golden aura.
The very large slime creature attacks as you move away!
The very large slime creature hits you but does no damage.
The slime creature is no longer distracted by gold.
The swamp dragon is no longer distracted by gold.
The slime creature is engulfed in a cloud of scalding steam.
The slime creature is distracted by your dazzling golden aura.
The very large slime creature attacks as you move away!
The very large slime creature hits you!!
* * * LOW HITPOINT WARNING * * *
The slime creature quivers.
The will-o-the-wisp is no longer distracted by gold.
The large slime creature is distracted by your dazzling golden aura.
As you slowly read the scroll of teleportation, it crumbles to dust.
You feel strangely unstable.
The slime creature is no longer distracted by gold.
The very large slime creature hits you!!
* * * LOW HITPOINT WARNING * * *
The will-o-the-wisp gestures.
The will-o-the-wisp conjures some foxfire!
The swamp dragon bites you but does no damage.
The swamp dragon claws you but does no damage.
The swamp dragon tramples you but does no damage. 2 foxfires come into view.
The very large slime creature attacks as you move away!
The very large slime creature hits you!!
You die...
Your body crumbles into a pile of gold.

.~~~..~~~.777§.~7777777~
~~~~..~~~.~77~~~.77...7.
!.~~~(~~~~§....~~~77...77
..~~~.7.~~..........77~77
~~..777~~...~~).~~.[.777.
~~§§.77§~~~~~~<.~~..[~.7.
~~~~.~~7~.~~~.77..7≈≈~...
~..~~~~.....7~~~....7≈≈≈7~§.
~~~~~~~~~v~@~77.~~.7≈≈≈≈≈7..
~§~~~~~.~$vJD77.~~7≈≈≈≈≈≈≈~.
§~~.....$~7v.77777.7≈≈≈≈≈7~7
...~~.~§~JJJJ.~7 77~7≈≈≈7...
.~~~.§~~$~$$$~77 77777.~...
7~~~.~~~~~J~.~7 7777..~~~.
777...7~......77 77§7.~.~~~.
~~...^~~.~~~.~~.77
7.~..~.7777
.^....~~~~.).~~~.7 7~§§~~.7


77 You could see a swamp dragon, a very large slime creature, a large slime
creature (unaware), 4 slime creatures and a will-o-the-wisp.

Vanquished Creatures
  Nikola (Swamp:4)
  Jorgrun (Swamp:1)
  Kirke (D:13)
  A tengu reaver (D:13)
  Gastronok (Lair:2)
  A fire giant (D:13)
  2 thorn hunters (Swamp:4)
  Donald (Swamp:1)
  A fenstrider witch (Swamp:1)
  A frost giant (D:13)
  Aizul (Swamp:2)
  Louise (Swamp:2)
  Nessos (Lair:4)
  2 eleionomae (Swamp:4)
  Snorg (D:10)
  2 green deaths (Swamp:4)
  3 shambling mangroves
  Josephine (Lair:3)
  A fire dragon (Lair:5)
  Fannar (Lair:3)
  2 ice dragons (D:15)
  12 centaur warriors
  21 hydras
  3 ghost crabs
  Erica (D:8)
  4 ogre magi (Orc:2)
  A catoblepas (Lair:3)
  21 two-headed ogres
  6 boulder beetles
  6 alligators
  10 death yaks
  Nergalle (Lair:3)
  8 slime creatures
  An orc high priest (Orc:2)
  A skeletal warrior (D:13)
  2 fire crabs
  A goliath frog (Swamp:3)
  6 spriggan druids
  11 swamp dragons
  9 bog bodies
  A lindwurm (Lair:3)
  A deep elf pyromancer (D:13)
  An orc knight (Orc:2)
  A necromancer (D:14)
  2 orc sorcerers
  5 will-o-the-wisps
  7 cyclopes
  14 ugly things
  11 elephants
  4 manticores
  6 black mambas
  10 centaur zombies (D:13)
  2 water nymphs (Swamp:4)
  Maurice (Orc:2)
  2 molten gargoyles (Lair:5)
  12 cane toads
  3 orange demons (Swamp:4)
  4 gargoyles
  3 kobold demonologists
  11 komodo dragons
  2 unseen horrors
  2 efreet (D:15)
  2 rime drakes
  5 yaktaurs (D:15)
  3 meliai (D:15)
  6 trolls
  2 polar bears
  10 tyrant leeches
  A queen bee (D:15)
  14 hornets
  2 large abominations (Swamp:4)
  12 blink frogs
  A meliai zombie (D:13)
  2 shadows
  2 jumping spiders (Lair:3)
  12 wraiths
  A vampire (D:11)
  3 culicivoras (Lair:3)
  3 hogs (D:13)
  33 yaks
  12 spriggans
  7 wyverns
  A ynoxinul (D:8)
  A human (shapeshifter) (D:15)
  4 redbacks (Lair:3)
  2 steam dragons
  11 vampire mosquitoes
  8 basilisks
  A warg (Orc:2)
  16 swamp worms
  2 acid dragons
  Duvessa (D:6)
  4 ice beasts
  A swamp drake (Swamp:2)
  4 hell hounds (Lair:5)
  12 water moccasins
  2 sky beasts
  2 black bears (Lair:1)
  14 orc warriors
  6 wolves (Lair:1)
  30 ogres
  A boggart (D:13)
  16 centaurs
  4 kobold brigands
  A phantom (D:7)
  7 bullfrogs
  2 gnoll sergeants
  A scorpion (D:6)
  3 wights (D:8)
  A hornet simulacrum (D:15)
  Dowan (D:6)
  21 killer bees
  2 electric eels (Lair:4)
  6 howler monkeys
  5 lava snakes (Lair:5)
  2 quasits (D:7)
  14 orc priests
  2 hounds
  6 jellies
  2 boggart zombies (D:13)
  4 iguanas
  Natasha (thrice) (D:4)
  6 hell rats (Lair:5)
  23 orc wizards
  4 adders
  6 shadow imps
  8 white imps
  11 ufetubi (D:7)
  3 worms
  5 dart slugs
  52 orcs
  3 ball pythons
  7 bats
  6 endoplasms
  3 giant cockroaches
  8 goblins
  8 hobgoblins
  3 jackals (D:2)
  20 kobolds
  4 quokkas
  3 frilled lizards (D:2)
  7 rats
806 creatures vanquished.

Vanquished Creatures (others)
  An unseen horror (D:11)
  A bloated husk (Swamp:3)
  2 demonic plants (D:7)
  38 foxfires
  18 fungi
  30 plants
90 creatures vanquished.

Grand Total: 896 creatures vanquished

Notes
Turn   | Place    | Note
-------+----------+-------------------------------------------
     0 | D:1      | MrRokkomies the Armataur Gladiator began the quest for the
                  | Orb.
     0 | D:1      | Reached XP level 1. HP: 18/18 MP: 1/1
   192 | D:1      | Reached skill level 2 in Fighting
   272 | D:1      | Reached XP level 2. HP: 25/25 MP: 2/2
   540 | D:1      | Reached skill level 1 in Armour
   824 | D:2      | Reached XP level 3. HP: 18/32 MP: 3/3
  1046 | D:2      | Reached XP level 4. HP: 39/39 MP: 4/4
  2400 | D:4      | Found Ypledgh's Antique Armour Shoppe.
  2411 | D:4      | Found Wekem's Armour Shoppe.
  2418 | D:4      | Bought a +1 pair of gloves of strength for 181 gold pieces
  2488 | D:4      | Noticed Natasha
  2497 | D:4      | Killed Natasha
  2498 | D:4      | Reached skill level 3 in Fighting
  2498 | D:4      | Reached XP level 5. HP: 42/48 MP: 5/5
  2635 | D:4      | Noticed Natasha
  2648 | D:4      | Killed Natasha
  3030 | D:4      | Noticed Natasha
  3040 | D:4      | Killed Natasha
  3161 | D:5      | Entered Level 5 of the Dungeon
  3222 | D:5      | Reached XP level 6. HP: 53/54 MP: 6/6
  3366 | D:5      | Reached skill level 4 in Fighting
  3619 | D:5      | Reached XP level 7. HP: 49/63 MP: 7/7
  4049 | D:6      | Reached skill level 5 in Staves
  4432 | D:6      | Found a white marble altar of Elyvilon.
  4615 | D:6      | Noticed Duvessa
  4616 | D:6      | Noticed Dowan
  4627 | D:6      | Killed Duvessa
  4628 | D:6      | Reached skill level 5 in Fighting
  4629 | D:6      | Killed Dowan
  4630 | D:6      | Reached XP level 8. HP: 46/72 MP: 8/8
  5123 | D:7      | Found a shimmering altar of Xom.
  5180 | D:7      | Reached skill level 5 in Armour
  5190 | D:7      | Reached skill level 6 in Fighting
  5320 | D:7      | Found a staircase to the Ecumenical Temple.
  5439 | D:7      | Identified the +5 falchion of Proximity {holy, Will+}
  5517 | D:7      | Reached XP level 9. HP: 66/83 MP: 9/9
  5849 | D:8      | Found a hazy altar of Hepliaklqana.
  5988 | Temple   | Entered the Ecumenical Temple
  6198 | D:8      | Found an iron altar of Okawaru.
  6202 | D:8      | Reached skill level 7 in Fighting
  6248 | D:8      | Found a bloodstained altar of Trog.
  6248 | D:8      | Noticed a troll
  6253 | D:8      | Killed a troll
  6302 | D:8      | Found a shimmering blue altar of Sif Muna.
  6306 | D:8      | Got Sif Muna's Compendium of Sinister Incandescence
  6366 | D:8      | Found a staircase to the Lair.
  6450 | D:8      | Found a glowing golden altar of the Shining One.
  6474 | D:8      | Found a broken altar of Ashenzari.
  6658 | D:8      | Noticed Erica
  6666 | D:8      | Killed Erica
  6667 | D:8      | Reached skill level 5 in Dodging
  6667 | D:8      | Reached XP level 10. HP: 83/94 MP: 10/10
  6816 | D:9      | Identified the +8 rapier of Meuschajo {vorpal, rCorr Int+3
                  | Dex-3 SInv}
  6851 | D:9      | Reached skill level 8 in Fighting
  6950 | D:9      | Found an ornate altar of the Wu Jian Council.
  7075 | D:9      | Found a sparkling altar of Nemelex Xobeh.
  7283 | Temple   | Became a worshipper of Gozag Ym Sagoz the Greedy
  7318 | D:10     | Entered Level 10 of the Dungeon
  7329 | D:10     | Noticed Snorg
  7481 | D:10     | Noticed a two-headed ogre
  7486 | D:10     | Killed a two-headed ogre
  7638 | D:10     | Identified the +1 ring mail of the Fletcher {Harm Fly rC+}
  7733 | D:10     | Found an ancient bone altar of Kikubaaqudgha.
  7746 | D:10     | Found a stormy altar of Qazlal.
  7746 | D:10     | Found a hide-covered altar of Uskayaw.
  7767 | D:10     | Found a basalt altar of Yredelemnul.
  7781 | D:10     | Found a shadowy altar of Dithmenos.
  7833 | D:10     | Killed Snorg
  7882 | D:10     | Reached skill level 9 in Fighting
  8067 | D:10     | Found a runed translucent door.
  8172 | D:10     | Found a snail-covered altar of Cheibriados.
  8292 | D:10     | Noticed a tengu warrior
  8292 | D:10     | Noticed an orc knight
  8293 | D:10     | Noticed a boulder beetle
  8376 | D:11     | Noticed a manticore
  8382 | D:11     | Killed a manticore
  8495 | D:11     | Reached XP level 11. HP: 98/103 MP: 11/11
  8523 | D:11     | You fall into a shaft and drop 2 floors!
  8530 | D:13     | Noticed a centaur warrior
  8540 | D:13     | Noticed a centaur warrior
  8540 | D:13     | Killed a centaur warrior
  8560 | D:13     | Killed a centaur warrior
  8656 | D:13     | Noticed a deep elf pyromancer
  8666 | D:13     | Killed a deep elf pyromancer
  8667 | D:13     | Reached skill level 10 in Staves
  8783 | D:12     | Noticed a two-headed ogre
  8796 | D:12     | Killed a two-headed ogre
  8836 | D:12     | Found a staircase to the Orcish Mines.
  8861 | D:12     | Reached skill level 10 in Fighting
  9027 | D:12     | Noticed a four-headed hydra
  9033 | D:12     | Killed a four-headed hydra
  9036 | D:12     | Noticed a boulder beetle
  9050 | D:12     | Killed a boulder beetle
  9768 | D:11     | Noticed a two-headed ogre
  9790 | D:11     | Killed a two-headed ogre
  9791 | D:11     | Reached XP level 12. HP: 102/115 MP: 12/12
  9846 | D:11     | Noticed a boulder beetle
  9855 | D:11     | Killed a boulder beetle
 10172 | D:11     | Reached skill level 11 in Fighting
 10188 | D:11     | Reached skill level 10 in Armour
 10266 | D:11     | Noticed a two-headed ogre
 10272 | D:11     | Killed a two-headed ogre
 10865 | Lair:1   | Entered Level 1 of the Lair of Beasts
 11709 | D:4      | Bought ichor-stained ice dragon scales for 1560 gold pieces
 11709 | D:4      | Identified the +6 ice dragon scales of the Fiddle {rElec
                  | rPois rF- rC++ Dex-5} (You bought it in a shop on level 4
                  | of the Dungeon)
 12076 | Lair:2   | Noticed a six-headed hydra
 12083 | Lair:2   | Killed a six-headed hydra
 12384 | Lair:2   | Reached skill level 12 in Fighting
 12391 | Lair:2   | Reached XP level 13. HP: 103/126 MP: 13/13
 12845 | Lair:2   | Noticed Gastronok
 12867 | Lair:2   | Killed Gastronok
 13100 | Lair:3   | Found a staircase to the Swamp.
 13394 | Lair:3   | Noticed Fannar
 13420 | Lair:3   | Killed Fannar
 13421 | Lair:3   | Reached skill level 13 in Fighting
 13531 | Lair:3   | Noticed Josephine
 13540 | Lair:3   | Killed Josephine
 13705 | Lair:3   | Found a hole to the Spider Nest.
 14042 | Lair:3   | Noticed Nergalle
 14059 | Lair:3   | Killed Nergalle
 14456 | Lair:4   | Found a runed translucent gate.
 14456 | Lair:4   | Found a runed translucent gate.
 14457 | Lair:4   | Found a runed translucent gate.
 14458 | Lair:4   | Noticed a quicksilver ooze
 14459 | Lair:4   | Noticed an acid blob
 14459 | Lair:4   | Noticed an azure jelly
 14459 | Lair:4   | Noticed an acid blob
 14460 | Lair:4   | Noticed an azure jelly
 14460 | Lair:4   | Noticed Cyrchepe's ghost (journeyman FeSu)
 14460 | Lair:4   | Noticed an acid blob
 14460 | Lair:4   | Noticed an azure jelly
 14460 | Lair:4   | Noticed an azure jelly
 14461 | Lair:4   | Noticed an acid blob
 14551 | Lair:4   | Reached XP level 14. HP: 71/128 MP: 14/14
 14805 | Lair:4   | Noticed Nessos
 14815 | Lair:4   | Killed Nessos
 15273 | Lair:4   | Found a viscous altar of Jiyva.
 15273 | Lair:4   | Found the +9 staff of Wucad Mu {*channel}
 15364 | Lair:5   | Entered Level 5 of the Lair of Beasts
 15409 | Lair:5   | Found a viscous altar of Jiyva.
 15409 | Lair:5   | Found a staircase to the Slime Pits.
 15817 | Lair:5   | Found a large runed translucent door.
 15891 | Lair:5   | Reached skill level 14 in Fighting
 15983 | Lair:5   | Found a large runed translucent door.
 16960 | Orc:1    | Entered Level 1 of the Orcish Mines
 17285 | Orc:2    | Entered Level 2 of the Orcish Mines
 17285 | Orc:2    | Noticed Maurice
 17289 | Orc:2    | Killed Maurice
 17447 | Orc:2    | Reached XP level 15. HP: 66/148 MP: 15/15
 17593 | Orc:2    | Reached skill level 15 in Fighting
 17626 | Orc:2    | Found a staircase to the Elven Halls.
 18034 | Orc:2    | Found Fiule's Assorted Antiques.
 18034 | Orc:2    | Found Suafyut's Assorted Antiques.
 18036 | Orc:2    | Found Iwainubi's Weapon Shoppe.
 18036 | Orc:2    | Found Qiemaw's General Store.
 18070 | Orc:2    | Bought a scroll labelled ROECOI XABAEM for 28 gold pieces
 18435 | D:12     | Bought the ring of Reanys {Fly rPois rN+} for 493 gold
                  | pieces
 18435 | D:12     | Bought the ring "Riblar" {Int+3 SInv Stlth+} for 466 gold
                  | pieces
 18457 | D:12     | Bought a condenser vane for 640 gold pieces
 18517 | D:13     | Reached skill level 1 in Evocations
 19122 | D:13     | Noticed a frost giant
 19122 | D:13     | Noticed a fire giant
 19122 | D:13     | Noticed a tengu reaver
 19219 | D:13     | Found a basalt altar of Yredelemnul.
 19358 | D:13     | Noticed Kirke
 19388 | D:13     | Killed Kirke
 19389 | D:13     | Reached skill level 5 in Evocations
 19393 | D:13     | Reached skill level 5 in Throwing
 20022 | D:13     | Killed a frost giant
 20178 | D:13     | Killed a fire giant
 20281 | D:13     | Noticed a storm dragon
 20288 | D:13     | Killed a tengu reaver
 20765 | D:14     | Reached skill level 10 in Dodging
 21129 | D:14     | Found a gate to the Vaults.
 21258 | D:15     | Entered Level 15 of the Dungeon
 21289 | D:15     | Found Dughigous's Overcharged Wands.
 21294 | D:15     | Reached XP level 16. HP: 136/157 MP: 16/16
 21438 | D:15     | Found a staircase to the Depths.
 21974 | D:15     | Identified the +0 robe "Feat" {rF+ Dex+4}
 22622 | Swamp:1  | Entered Level 1 of the Swamp
 22770 | Swamp:1  | Noticed Donald
 22792 | Swamp:1  | Killed Donald
 22879 | Swamp:1  | Noticed Jorgrun
 22892 | Swamp:1  | Killed Jorgrun
 23377 | Swamp:2  | Bought the +5 quarterstaff "Denlug" {pain, Fragile Will+++
                  | Str+6} for 1001 gold pieces
 23448 | Swamp:2  | Noticed Aizul
 23476 | Swamp:2  | Killed Aizul
 23674 | Swamp:2  | Identified the +0 chain mail "Ecsautu" {rC+ rN+ Regen+
                  | Stlth+}
 23975 | Swamp:2  | Noticed Louise
 24006 | Swamp:2  | Killed Louise
 24171 | Swamp:2  | Identified the +4 war axe "Fiolodyi" {holy, rC+}
 24597 | Swamp:3  | Reached skill level 10 in Evocations
 24652 | Swamp:3  | Found a transporter.
 24655 | Swamp:3  | Noticed Cuunut's ghost (adept DjIE)
 24848 | Swamp:4  | Entered Level 4 of the Swamp
 24848 | Swamp:4  | Noticed a thorn hunter
 24863 | Swamp:4  | Killed a thorn hunter
 24926 | Swamp:3  | Found a transporter.
 25152 | Swamp:4  | Noticed a thorn hunter
 25165 | Swamp:4  | Killed a thorn hunter
 25301 | Swamp:4  | Reached skill level 10 in Throwing
 25322 | Swamp:4  | Reached XP level 17. HP: 42/166 MP: 17/17
 25739 | Swamp:4  | Noticed Nikola
 25765 | Swamp:4  | Killed Nikola
 26111 | Swamp:4  | Demolished by a very large slime creature

Illustrated notes

Levels and vault maps discovered:
D:1:      dpeg_arrival_castle, layout_basic
D:2:      layout_loops_corners
D:3:      layout_rooms
D:4:      layout_loops_cross, serial_shops, nicolae_shop_crystal, shop,
          fountainhead, minmay_misc_feat_secret_circle,
          kennysheep_generic_room_2, uniq_natasha
D:5:      nicolae_cairo_tiling_large, layout_gridville
D:6:      layout_loops_cross, mainiacjoe_overflow_six_doors_small, uniq_duvessa
D:7:      layout_loops_ring, xom_confusion_cloud,
          minmay_temple_entry_from_below_a, serial_demonic, serial_demonic_c,
          serial_demonic_c, serial_demonic_d, serial_demonic_g,
          serial_demonic_a, serial_demonic_e, serial_demonic_g,
          serial_demonic_a, serial_demonic_c, serial_demonic_g
D:8:      kennysheep_six_static_rooms, layout_basic,
          nzn_overflow_gifts_of_might_and_magic, mainiacjoe_overflow_boulevard,
          old_standard_altar, tso_metal_star, kennysheep_mini, lair_entry_dummy,
          minmay_misc_feat_enclosed, uniq_erica
D:9:      layout_rooms, mainiacjoe_overflow_alcove_4,
          nicolae_overflow_crystal_walls
D:10:     layout_small_grid, slow_altar_2, minmay_overflow_temple_star_hex,
          wad_hexagon, uniq_snorg
D:11:     minmay_octagon_keep, layout_stronghold
D:12:     layout_basic, orc_0_dummy
D:13:     kennysheep_snake, layout_loops_ring, nicolae_yredelemnul_corpse_copse,
          uniq_kirke
D:14:     layout_small_grid, david_vaults_1, minmay_fountain_box, drop_trap
D:15:     grunt_enter_depths_hoard, layout_small_grid, special_room
          [special_room_bee], minivault_16, nicolae_shop_overcharged_wands
Temple:   hellmonk_temple_micro_hex
Lair:1:   layout_cave_pods
Lair:2:   layout_hall_layers, lemuel_fruit_fields, grunt_megastairs_2,
          serial_bayou_shore_b, lemuel_fruit_tree, uniq_gastronok
Lair:3:   layout_layer_cave, skrybe_swamp_entry_bodies,
          nicolae_spider_entry_tight_spaces, chequers_serial_rivers_small_3,
          st_stairs_9, uniq_josephine, uniq_fannar, uniq_nergalle
Lair:4:   layout_long_grid, gammafunk_ghost_ooze, st_stairs_6,
          infiniplex_staircase_pool, serial_bayou_shore_a, uniq_nessos
Lair:5:   cheibrodos_lair_end_hotspot, layout_loops_ring,
          nicolae_slime_entry_slimehenge
Swamp:1:  layout_falls_marsh, evilmike_swamp_ruin_house_1, uniq_jorgrun,
          uniq_donald
Swamp:2:  layout_basic_swamp, evilmike_swamp_ruin_house_6, uniq_louise,
          uniq_aizul
Swamp:3:  layout_basic_swamp, gammafunk_ghost_mausoleum,
          evilmike_swamp_ruin_rubble_1
Swamp:4:  swamp_vile, layout_basic_swamp, swamp_pool2,
          nicolae_swamp_nymph_family_reunion, uniq_nikola
Orc:1:    layout_caves
Orc:2:    st_orc_ogre_mass, layout_diamond_mine, uniq_maurice

Skill      XL: |  1  2  3  4  5  6  7  8  9 10 11 12 13 14 15 16 17 |
---------------+----------------------------------------------------+-----
Fighting       | 2 3 4 5 6 7 9 10 12 13 14 15 | 15.1
Staves         | 3 4 5 6 8 9 10 12 13 14 | 14.0
Armour         | 1 2 3 4 5 7 8 9 10 12 13 14 | 14.0
Dodging        | 3 4 5 6 7 8 9 10 11 | 11.1
Throwing       | 6 10 | 10.9
Evocations     | 6 10 | 10.7

Action                   |  1- 3 |  4- 6 |  7- 9 | 10-12 | 13-15 | 16-18 || total
-------------------------+-------+-------+-------+-------+-------+-------++-------
Melee: Quarterstaff      |    72 |   192 |   263 |   484 |  1264 |   764 ||  3039
       Tailslap          |    10 |    20 |    23 |    94 |   282 |   156 ||   585
Throw: Dart              |       |       |       |     5 |     2 |     4 ||    11
       Throwing net      |       |       |       |     1 |       |       ||     1
       Boomerang         |       |       |       |       |       |   156 ||   156
Invok: Potion Petition   |       |       |       |       |     1 |     1 ||     2
       Call Merchant     |       |       |       |       |     3 |     1 ||     4
Evoke: Wand              |       |       |     2 |     1 |     3 |     1 ||     7
       Condenser vane    |       |       |       |       |     1 |     1 ||     2
  Use: Potion            |     2 |       |       |     3 |     7 |     5 ||    17
       Scroll            |       |    10 |     6 |     7 |    14 |     3 ||    40
 Stab: Distracted        |       |       |     1 |     6 |    20 |    12 ||    39
       Invisible         |       |       |       |     2 |     7 |       ||     9
       Paralysed         |       |       |       |     3 |    10 |       ||    13
       Petrified         |       |       |       |       |     3 |       ||     3
       Fleeing           |       |       |       |       |     1 |       ||     1
Armor: Leather armour    |    47 |    44 |       |       |       |       ||    91
       Chain mail        |       |    49 |       |       |       |       ||    49
       Plate armour      |       |       |    27 |       |       |       ||    27
       Scale mail        |       |       |   111 |   166 |       |       ||   277
       Ice dragon scales |       |       |       |    41 |   647 |   752 ||  1440
Dodge: Dodged            |    40 |    71 |   115 |   169 |   340 |   358 ||  1093

Table legend: (Time is in decaauts)
 A = Elapsed time spent in this place.
 B = Non-inter-level travel time spent in this place.
 C = Inter-level travel time spent in this place.
 D = Time resting spent in this place.
 E = Time spent auto-exploring this place.
 F = Levels seen in this place.
 G = Mean time per level.
                   A        B        C        D        E       F      G
               +--------+--------+--------+--------+--------+-----+--------+
         Total |  25369 |  23680 |   1689 |   1148 |  17809 |  27 |  939.6 |
       Dungeon |  15036 |  14024 |   1012 |    595 |  10715 |  15 | 1002.4 |
        Temple |     13 |      2 |     11 |      0 |      0 |   1 |   13.0 |
          Lair |   5671 |   5206 |    465 |     31 |   4232 |   5 | 1134.2 |
         Swamp |   3240 |   3171 |     69 |    511 |   1838 |   4 |  810.0 |
  Orcish Mines |   1409 |   1278 |    131 |     10 |   1024 |   2 |  704.5 |
               +--------+--------+--------+--------+--------+-----+--------+

Top non-repeatable levels by time:
    D:13: 2006 daAuts
    D:11: 1366 daAuts
  Lair:3: 1334 daAuts
  Lair:5: 1274 daAuts
  Lair:1: 1111 daAuts
     D:6: 1063 daAuts
    D:15: 1059 daAuts
     D:8: 1059 daAuts
    D:12: 1050 daAuts
    D:10: 1034 daAuts
   Orc:2: 990 daAuts
  Lair:4: 987 daAuts
     D:2: 980 daAuts
 Swamp:4: 965 daAuts
  Lair:2: 963 daAuts
